 Dungeon Crawl Stone Soup version 0.31-a0-96-g196d5507e3 (webtiles) character file.

Game seed: 6158251046538010710

7 Colgate the Grave Robber (level 2, 20/20 HPs)
             Began as a Meteoran Necromancer on May 26, 2023.
             Quit the game on level 1 of the Dungeon.
             The game lasted 00:01:44 (111 turns).

Colgate the Grave Robber (Meteoran Necromancer)      Turns: 111, Time: 00:01:45

Health: 20/20      AC:  2    Str:  9    XL:     2   Next: 23%
Magic:  7/7        EV: 12    Int: 16    God:
Gold:   0          SH:  0    Dex: 14    Spells: 7/8 levels left

rFire   . . .        (no weapon)
rCold   . . .        (no shield)
rNeg    . . .        a - +0 robe
rPois   .            (no helmet)
rElec   .            (no cloak)
rCorr   .            (no gloves)
SInv    .            (no boots)
Will    .....        (no amulet)
Stlth   +            (no ring)
HPRegen 0.23/turn    (no ring)
MPRegen 0.10/turn

%: no passive effects
@: glowing
A: sense surroundings 1, otherworldly, glowing, explore regen
a: no special abilities


You were on level 1 of the Dungeon.
You visited 1 branch of the dungeon, and saw 2 of its levels.

Inventory:

Armour
 a - a +0 robe (worn)
Scrolls
 c - a scroll of amnesia {unknown}
Potions
 b - a potion of magic
 d - a potion of invisibility {unknown}


   Skills:
 - Level 2.4 Dodging
 - Level 1.4 Stealth
 + Level 3.5 Spellcasting
 - Level 4.3 Necromancy


You had 7 spell levels left.
You knew the following spells:

 Your Spells              Type           Power      Damage    Failure   Level
a - Necrotise             Necr           64%        1d7       3%          1

Your spell library contained the following spells:

 Spells                   Type           Power      Damage    Failure   Level
 Vampiric Draining        Necr           16%        2d7       9%          3
 Animate Dead             Necr           16%        N/A       28%         4
 Agony                    Necr           16%        N/A       63%         5


Dungeon Overview and Level Annotations

Branches:
Dungeon (2/15) Zot: 1089

Altars:

Shops:
D:1 :*


Innate Abilities, Weirdness & Mutations

You passively map a small area around you.
You are easily found by Zot.
You glow in the dark.
You regain HP and MP as you explore.


Message History

The hobgoblin hits you but does no damage.
Your goblin skeleton hits the hobgoblin but does no damage.
The dart slug bites your goblin skeleton.
You hit the hobgoblin but do no damage. The hobgoblin hits you.
Your goblin skeleton closely misses the goblin.
Aiming: Necrotise (safe; 3% risk of failure)
Aim: a hobgoblin (ally target, chance to affect: 86%)
The hobgoblin writhes in agony.
You kill the hobgoblin!
The dead are walking!
The goblin hits your hobgoblin skeleton with a +0 club.
The goblin hits your hobgoblin skeleton with a +0 club.
Your hobgoblin skeleton is destroyed!
Your goblin skeleton barely misses the goblin.
Something closely misses your goblin skeleton.
The dart slug launches a dart at you.
The slug dart hits your goblin skeleton.
Found a club.
The goblin hits your goblin skeleton with a +0 club.
Your goblin skeleton is destroyed!
Aiming: Necrotise (safe; 3% risk of failure)
Aim: a goblin, wielding a +0 club (chance to affect: 86%)
The goblin writhes in agony.
Aiming: Necrotise (safe; 3% risk of failure)
Aim: a goblin, wielding a +0 club (almost dead, chance to affect: 86%)
The goblin barely resists.
Aiming: Necrotise (safe; 3% risk of failure)
Aim: a goblin, wielding a +0 club (almost dead, chance to affect: 86%)
You miscast Necrotise.
You are very lightly contaminated with residual magic.
Nothing appears to happen.
Aiming: Necrotise (safe; 3% risk of failure)
Aim: a goblin, wielding a +0 club (almost dead, chance to affect: 86%)
The goblin writhes in agony.
You kill the goblin!
The dead are walking!
Your magical contamination has completely faded away.
Found a dagger.
Found Leoxtak's Book Shoppe.
There is an entrance to Leoxtak's Book Shoppe here.

* #w## #. ,#>..
#.# #..##. #.#
#'.).. #.#
*#.)##∩# #.# ##
#.gK ## #.##.##
... #.#...####
... ,
##.@......+....,
, #..#...#### ,
, #.###.## #.##
## , , #.∩# * *
#.## #+# #.###
#.# #...########
#.# ##.........#
##.##


There were no monsters in sight!

Vanquished Creatures
  An endoplasm (D:2)
  3 goblins
  A hobgoblin (D:1)
  A kobold (D:1)
6 creatures vanquished.

Notes
Turn   | Place    | Note
-------+----------+-------------------------------------------
     0 | D:1      | Colgate the Meteoran Necromancer began the quest for the
                  | Orb.
     0 | D:1      | Reached XP level 1. HP: 14/14 MP: 5/5
    29 | D:1      | Found Gommes's Assorted Antiques.
    32 | D:1      | Reached XP level 2. HP: 20/20 MP: 0/7
   104 | D:1      | Found Leoxtak's Book Shoppe.
   111 | D:1      | Quit the game

Illustrated notes

Levels and vault maps discovered:
D:1:      grunt_arrival_lava_bath, layout_loops_corners, serial_shops,
          shop_fountains, shop, nicolae_shop_just_a_little_nook, shop_fountains,
          nicolae_shop_just_a_little_nook
D:2:      layout_rooms, hellmonk_ecumenical_altar_pennies_from_heaven

Skill      XL: |  1 |
---------------+----+-----
Spellcasting   | 3 |  3.5
Dodging        | |  2.4
Stealth        | |  1.4
Necromancy     | |  4.3

Action                     || total
---------------------------++-------
  Melee: Unarmed           ||     3
   Cast: Necrotise         ||    10
 Armour: Robe              ||     1
  Dodge: Dodged            ||     1

Table legend: (Time is in decaauts)
 A = Elapsed time spent in this place.
 B = Non-inter-level travel time spent in this place.
 C = Inter-level travel time spent in this place.
 D = Time resting spent in this place.
 E = Time spent auto-exploring this place.
 F = Levels seen in this place.
 G = Mean time per level.
                   A        B        C        D        E       F      G
               +--------+--------+--------+--------+--------+-----+--------+
         Total |    110 |    110 |      0 |      0 |      0 |   2 |   55.0 |
       Dungeon |    110 |    110 |      0 |      0 |      0 |   2 |   55.0 |
               +--------+--------+--------+--------+--------+-----+--------+

Top non-repeatable levels by time:
     D:1: 102 daAuts
     D:2: 7 daAuts
